 Dungeon Crawl Stone Soup version 0.31-a0-204-g7da18cac08 (webtiles) character file.

Game seed: 2500047787733509686

291 qw the Skirmisher (level 6, 0/35 HPs)
             Began as a Deep Elf Hunter on June 27, 2023.
             Slain by a cerulean imp
             ... wielding a +0 spear
             ... summoned by Natasha
              (4 damage)
             ... on level 2 of the Dungeon.
             The game lasted 00:00:37 (1241 turns).

qw the Skirmisher (Deep Elf Hunter)                 Turns: 1241, Time: 00:00:37

Health: 0/35       AC:  8    Str: 10    XL:     6   Next: 10%
Magic:  8/8        EV:  9    Int: 14    God:
Gold:   92         SH:  0    Dex: 18    Spells: 5/5 levels left

rFire   . . .        Y - +0 shortbow
rCold   . . .        (shield currently unavailable)
rNeg    . . .        f - +0 scale mail
rPois   .            g - +0 helmet
rElec   .            (no cloak)
rCorr   .            (no gloves)
SInv    .            e - +0 pair of boots
Will    .....        (no amulet)
Stlth   +            (no ring)
HPRegen 0.25/turn    (no ring)
MPRegen 0.11/turn

%: no passive effects
@: about to teleport
A: no striking features
a: no special abilities


You were on level 2 of the Dungeon.
You visited 1 branch of the dungeon, and saw 2 of its levels.

You collected 92 gold pieces.


   Skills:
 - Level 2.0 Fighting
 + Level 9.3 Ranged Weapons
 - Level 1.0 Armour
 - Level 2.4 Dodging
 - Level 1.2 Stealth


You had 5 spell levels left.
You didn't know any spells.
Your spell library was empty.

Inventory:

Hand Weapons
 Y - a +0 shortbow (weapon)
Armour
 e - a +0 pair of boots (worn)
 f - a +0 scale mail (worn)
 g - a +0 helmet (worn)
Scrolls
 a - 2 scrolls of enchant weapon {unknown}
 b - 2 scrolls of teleportation
Potions
 c - a potion of attraction {unknown}
 h - a potion of invisibility {unknown}
 i - a potion of lignification {unknown}

Dungeon Overview and Level Annotations

Branches:
Dungeon (2/15)

Altars:

Annotations:
D:2 Natasha


Message History

You feel sick.
You are no longer poisoned.
You start resting.
HP restored.
You see here a hobgoblin corpse.
You now have 92 gold pieces (gained 8).
Found a buckler.
Enter note:
Enter note: Natasha, Servant of Life and Death comes into view.
Natasha hisses angrily.
Enter note:
Enter note: You shoot an arrow.
The arrow closely misses Natasha.
You shoot an arrow. The arrow barely misses Natasha.
Natasha claws you but does no damage.
You shoot an arrow. The arrow hits Natasha.
Natasha is moderately wounded.
Natasha claws you.
You shoot an arrow. The arrow barely misses Natasha.
Natasha mumbles some strange words.
Natasha claws you!
You shoot an arrow. The arrow barely misses Natasha.
Natasha claws you!
You shoot an arrow. The arrow hits Natasha!
Natasha is severely wounded.
The cerulean imp barely misses you. Natasha claws you but does no damage.
You shoot an arrow. The arrow barely misses Natasha.
The cerulean imp hits you from afar with a +0 spear.
Natasha drinks a potion.
Natasha is healed!
The cerulean imp closely misses you. Natasha claws you.
1240 ||| READING 3 scrolls of teleportation.
As you read the scroll of teleportation, it crumbles to dust.
You feel strangely unstable.
The cerulean imp hits you from afar with a +0 spear.
Natasha claws you.
You shoot an arrow. The arrow hits Natasha.
Natasha is severely wounded.
The cerulean imp hits you from afar with a +0 spear.
You die...

#.# #.##.##
###.##########.##.##
#..............##.##
#.#.#############.##
#.#.# #.## #.#.#
#... #.#.# ##.#
#.#.# #.. #.#@#
#########)#
#.#.h5.....#.:......
#.########.#.#####.#
#.# #.#[# #.# ##.#
#.#.# #.# #..#
#.#.#####.# #.##
##...?...%.. #.#
#.........#. #.#
#.##.##..###


You could see Natasha and a cerulean imp (summoned).

Vanquished Creatures
  Sigmund (D:2)
  Terence (D:2)
  2 adders (D:2)
  4 gnolls
  A worm (D:2)
  2 dart slugs (D:1)
  6 endoplasms
  5 goblins
  5 hobgoblins
  2 quokkas
  4 ball pythons (D:1)
  2 bats
  2 frilled lizards (D:1)
  4 rats
41 creatures vanquished.

Notes
Turn   | Place    | Note
-------+----------+-------------------------------------------
     0 | D:1      | qw the Deep Elf Hunter began the quest for the Orb.
     0 | D:1      | Reached XP level 1. HP: 12/12 MP: 3/3
     0 | D:1      | 0 ||| qw: Version: 0.3-a-22-g0ed2b0b
     0 | D:1      | 0 ||| qw: Game counter: 6478
     0 | D:1      | 0 ||| qw: Melee chars always use a shield: true
     0 | D:1      | 0 ||| qw: God list: Okawaru
     0 | D:1      | 0 ||| qw: Allow faded altars: false
     0 | D:1      | 0 ||| qw: Do Orc after clearing Dungeon:15 true
     0 | D:1      | 0 ||| qw: Do second Lair branch before Depths: true
     0 | D:1      | 0 ||| qw: Lair rune preference: random
     0 | D:1      | 0 ||| qw: Goals: Normal
     0 | D:1      | 0 ||| PLANNING D:1-11
   108 | D:1      | Reached XP level 2. HP: 15/16 MP: 4/4
   109 | D:1      | Reached skill level 6 in Ranged Weapons
   471 | D:1      | Found a faded altar of an unknown god.
   650 | D:1      | 650 ||| UPGRADING to +0 scale mail.
   660 | D:1      | 660 ||| DROPPING +0 leather armour.
   661 | D:1      | 661 ||| UPGRADING to +0 helmet.
   666 | D:1      | 666 ||| READING scroll labelled LAAGRAPOBI.
   667 | D:1      | 667 ||| READING scroll labelled GISOUM JEREUHA.
   668 | D:1      | 668 ||| DRINKING 2 smoky puce potions.
   669 | D:1      | 669 ||| DROPPING scroll of butterflies.
   693 | D:2      | Reached XP level 3. HP: 20/20 MP: 5/5
   735 | D:2      | Noticed Terence
   746 | D:2      | Killed Terence
   747 | D:2      | Reached skill level 7 in Ranged Weapons
   747 | D:2      | 747 ||| FLEEEEING.
   783 | D:2      | Noticed Sigmund
   784 | D:2      | 784 ||| FLEEEEING.
   785 | D:2      | 785 ||| FLEEEEING.
   787 | D:2      | 787 ||| FLEEEEING.
   788 | D:2      | 788 ||| FLEEEEING.
   789 | D:2      | 789 ||| FLEEEEING.
   791 | D:2      | 791 ||| FLEEEEING.
   792 | D:2      | 792 ||| FLEEEEING.
   793 | D:2      | 793 ||| FLEEEEING.
   794 | D:2      | 794 ||| FLEEEEING.
   795 | D:2      | 795 ||| FLEEEEING.
   796 | D:2      | 796 ||| FLEEEEING.
   797 | D:2      | 797 ||| FLEEEEING.
   798 | D:2      | 798 ||| FLEEEEING.
   799 | D:2      | 799 ||| FLEEEEING.
   807 | D:2      | 807 ||| DRINKING potion of curing.
   807 | D:2      | 807 ||| (to cure confusion)
   812 | D:2      | Killed Sigmund
   813 | D:2      | Reached skill level 9 in Ranged Weapons
   813 | D:2      | Reached XP level 4. HP: 23/25 MP: 6/6
   813 | D:2      | Reached XP level 5. HP: 27/29 MP: 7/7
   898 | D:2      | Reached skill level 1 in Armour
   898 | D:2      | 898 ||| FLEEEEING.
   899 | D:2      | 899 ||| FLEEEEING.
   900 | D:2      | 900 ||| FLEEEEING.
   901 | D:2      | 901 ||| FLEEEEING.
   902 | D:2      | 902 ||| FLEEEEING.
   903 | D:2      | 903 ||| FLEEEEING.
   904 | D:2      | 904 ||| FLEEEEING.
   905 | D:2      | 905 ||| FLEEEEING.
   906 | D:2      | 906 ||| FLEEEEING.
   907 | D:2      | 907 ||| FLEEEEING.
   908 | D:2      | 908 ||| FLEEEEING.
   909 | D:2      | 909 ||| STAIRDANCE
   936 | D:1      | 936 ||| UPGRADING to +0 pair of boots.
   941 | D:1      | 941 ||| READING scroll labelled ROCEKE OXUFI.
   944 | D:1      | 944 ||| READING scroll labelled OPYWNOIROUPP.
   945 | D:1      | 945 ||| READING scroll labelled XEXYVE COEKAE.
   965 | D:2      | 965 ||| STAIRDANCE
   969 | D:1      | Reached XP level 6. HP: 24/35 MP: 8/8
  1232 | D:2      | Noticed Natasha
  1239 | D:2      | HP: 8/35 [Natasha (5)]
  1240 | D:2      | 1240 ||| READING 3 scrolls of teleportation.
  1241 | D:2      | Slain by a cerulean imp

Levels and vault maps discovered:
D:1:      ldierk_walled_garden_2, layout_basic, ebering_ecumenical_altar_rust,
          minmay_3d_cube
D:2:      layout_loops_ring, kennysheep_generic_room_7, uniq_sigmund,
          uniq_natasha, uniq_terence

Skill      XL: |  1  2  3  4  5  6 |
---------------+-------------------+-----
Ranged Weapons | 6 9 |  9.3
Armour         | 1 |  1.0
Fighting       | 2 |  2.0
Dodging        | |  2.4
Stealth        | |  1.2

Action                     |  1- 3 |  4- 6 || total
---------------------------+-------+-------++-------
   Fire: Shortbow          |    80 |    42 ||   122
    Use: Scroll            |     2 |     4 ||     6
         Potion            |     2 |       ||     2
 Armour: Leather armour    |     1 |       ||     1
         Scale mail        |     7 |     5 ||    12
  Dodge: Dodged            |     9 |    15 ||    24

Table legend:
 A = Non-vault XP
 B = Vault XP
 C = Vault XP percentage of total XP
 D = Non-vault monster count
 E = Vault monster count
 F = Vault count percentage of total count
                 A         B        C        D         E       F
            +---------+---------+-------+---------+---------+-------
      Total |     135 |     282 |  67.6 |      35 |       6 |  14.6
            +---------+---------+-------+---------+---------+-------
        D:1 |      47 |       7 |  13.0 |      20 |       4 |  16.7
        D:2 |      88 |     275 |  75.8 |      15 |       2 |  11.8
            +---------+---------+-------+---------+---------+-------
